 Dungeon Crawl Stone Soup version 0.14.0-12-g87ee3b7 (webtiles) character file.

196 tizzy the Poker (level 4, 0/33 HPs)
             Began as a Demonspawn Skald on Apr 17, 2014.
             Killed from afar by an orc wizard (6 damage)
             ... with a magic dart
             ... on Level 3 of the Dungeon.
             The game lasted 00:06:51 (1573 turns).

tizzy the Poker (Demonspawn Skald)                  Turns: 1573, Time: 00:06:51

HP   0/33        AC  3     Str 13      XL: 4   Next: 14%
MP   3/7         EV 10     Int 14      God:
Gold 119         SH  0     Dex 12      Spells:  3 memorised,  2 levels left

rFire  + . .     SeeInvis .     a - +0 spear
rCold  + . .     Clarity  .     b - +0 leather armour
rNeg   . . .     Conserve .     (no shield)
rPois  +         rCorr    .     (no helmet)
rElec  +         rRot     .     (no cloak)
SustAb . .       Spirit   .     (no gloves)
rMut   .         Warding  .     (no boots)
Saprov . . .     Stasis   .     (no amulet)
MR     .....                    (no ring)
                                (no ring)

@: not resistant to hostile enchantments, very unstealthy
A: powered by death 1, powered by pain 1
a: no special abilities


You were on level 3 of the Dungeon.
You were very hungry.

You visited 1 branch of the dungeon, and saw 3 of its levels.

You collected 119 gold pieces.

Inventory:

Hand weapons
 a - a +0,+0 spear (weapon)
Missiles
 m - 6 tomahawks (quivered)
Armour
 b - a +0 leather armour (worn)
Comestibles
 d - 3 bread rations
 f - a rotting chunk of jackal flesh
Scrolls
 e - 2 scrolls of recharging {unknown}
 g - 2 scrolls of remove curse {unknown}
 i - a scroll of identify {unknown}
 j - a scroll of blinking {unknown}
 k - a scroll of magic mapping {unknown}
Books
 c - a book of Battle

   Spells                             Type                      Level
   *Infusion                          Charms                       1
   *Shroud of Golubria                Charms/Translocation         2
   *Song of Slaying                   Charms                       2
   Spectral Weapon                    Hexes/Charms                 3
   Regeneration                       Charms/Necromancy            3


   Skills:
 - Level 2.0 Fighting
 * Level 4.0 Polearms
 - Level 0.8 Armour
 - Level 0.8 Dodging
 - Level 2.0 Spellcasting
 - Level 2.6 Charms


You had 2 spell levels left.
You knew the following spells:

 Your Spells              Type           Power        Failure   Level  Hunger
a - Infusion              Chrm           #.....       10%         1    ##.....
b - Song of Slaying       Chrm           #.......     14%         2    ###....
c - Shroud of Golubria    Chrm/Tloc      #.........   24%         2    ###....


Dungeon Overview and Level Annotations

Branches:
Dungeon (3/15)

Altars:
Ashenzari


Innate Abilities, Weirdness & Mutations

You can steal the life force of nearby defeated enemies.
You sometimes gain a little power by taking damage.


Message History

The orc wizard casts a spell.
The orc wizard blinks!
Drink which item? (? for menu, Esc to quit)
You feel better.
The orc wizard hits you but does no damage.
You closely miss the orc wizard.
The orc wizard is lightly wounded.
The orc wizard casts a spell at you. The magic dart hits you!
* * * LOW HITPOINT WARNING * * *
The orc wizard hits you but does no damage.
You are too injured to fight recklessly!
You hit the orc wizard.
The orc wizard is lightly wounded.
The orc wizard closely misses you.
You hit the orc wizard.
The orc wizard is heavily wounded.
The orc wizard gestures at you while chanting.
The magic dart hits you!
You die...

###...### #...###
###...### #.# ###...## .#.
# . ##.[.# .. .. ..
###...## #.#.###
...###((.### ......#
...#...###########....$...
..[.............@oo.......
............######......##
............# ...(..#
............# "....(.
............# $....##
..###.#.##### .....# ..
#.#.# ..... . #.#.# ....
#.... .


You could see 2 orc wizards.

Vanquished Creatures
  2 adders (D:2)
  An orc (D:3)
  8 bats
  2 bat zombies (D:1)
  2 goblins (D:1)
  5 hobgoblins (D:2)
  12 jackals
  4 kobolds
  A quokka (D:1)
  A ball python (D:1)
  2 giant cockroaches (D:2)
  10 giant newts
  6 rats
56 creatures vanquished.

Notes
Turn   | Place    | Note
--------------------------------------------------------------
     0 | D:1      | tizzy, the Demonspawn Skald, began the quest for the Orb.
     0 | D:1      | Reached XP level 1. HP: 16/16 MP: 3/3
   161 | D:1      | Gained mutation: You can steal the life force of nearby defeated enemies. [demonic ancestry]
   161 | D:1      | Reached XP level 2. HP: 20/22 MP: 4/4
   408 | D:1      | Reached skill level 3 in Polearms
   891 | D:1      | Reached XP level 3. HP: 22/27 MP: 6/6
   936 | D:2      | Found a shattered altar of Ashenzari.
  1300 | D:2      | Gained mutation: You sometimes gain a little power by taking damage. [demonic ancestry]
  1300 | D:2      | Reached XP level 4. HP: 30/33 MP: 7/7
  1356 | D:2      | Learned a level 2 spell: Song of Slaying
  1359 | D:2      | Learned a level 2 spell: Shroud of Golubria
  1404 | D:2      | Reached skill level 4 in Polearms
  1573 | D:3      | Killed from afar by an orc wizard

Action                   |  1- 3 |  4- 6 || total
-------------------------+-------+-------++-------
Melee: Spear             |   204 |    47 ||   251
Throw: Tomahawk          |       |     2 ||     2
 Cast: Infusion          |       |     4 ||     4
  Use: Potion            |       |     4 ||     4
